[ AOE2 MATCH · #488293469 ]
UnrankedBerbers vs Japanese
[ REPLAY ANALYSIS · EXTRACTED FROM THE RECORDED GAME ]
Feudal
13:45
Castle
18:35
Imperial
45:14
| APM avg | 51.0 |
| APM peak | 129 |
| eAPM avg | 24.8 |
| Villagers / military | 155 / 473 |
Focus
⚔️ 38.0% · 🌾 62.0%
Genitour ×206 · Cavalry Archer ×166 · Scout Cavalry ×51 · Knight ×21 · Trebuchet (Packed) ×18 · Fishing Ship ×16
Feudal
—
Castle
—
Imperial
—
| APM avg | 79.8 |
| APM peak | 156 |
| eAPM avg | 53.9 |
| Villagers / military | 242 / 719 |
Focus
⚔️ 56.4% · 🌾 43.6%
Spearman ×237 · Skirmisher ×169 · Cavalry Archer ×168 · Samurai ×92 · Galley ×34 · Fishing Ship ×23
Feudal
12:16
Castle
22:56
Imperial
46:43
| APM avg | 22.6 |
| APM peak | 45 |
| eAPM avg | 15.0 |
| Villagers / military | 193 / 416 |
Focus
⚔️ 38.7% · 🌾 61.3%
Knight ×320 · Fire Galley ×71 · Fishing Ship ×31 · Unknown (2626) ×28 · Trebuchet (Packed) ×14 · War Elephant ×5
Feudal
13:27
Castle
18:43
Imperial
49:24
| APM avg | 49.9 |
| APM peak | 95 |
| eAPM avg | 28.2 |
| Villagers / military | 503 / 351 |
Focus
⚔️ 26.0% · 🌾 74.0%
Knight ×164 · Scout Cavalry ×122 · Conquistador ×57 · Fishing Ship ×13 · Militia ×7 · Trade Cart ×3
Feudal
13:34
Castle
27:09
Imperial
—
| APM avg | 14.0 |
| APM peak | 51 |
| eAPM avg | 8.2 |
| Villagers / military | 63 / 33 |
Focus
⚔️ 39.0% · 🌾 61.0%
Unknown (2626) ×19 · Demolition Raft ×9 · Trade Cog ×8 · Fishing Ship ×7 · Galley ×6 · Mangonel ×6
Feudal
13:16
Castle
18:07
Imperial
66:22
| APM avg | 34.6 |
| APM peak | 110 |
| eAPM avg | 13.9 |
| Villagers / military | 193 / 223 |
Focus
⚔️ 32.8% · 🌾 67.2%
Conquistador ×176 · Fishing Ship ×23 · Militia ×20 · Trebuchet (Packed) ×12 · Petard ×5 · Battering Ram ×5
Match map
Initial resources + every placement click. Lines = walls · curves = elevation contours. ◆ gold · ⬟ stone · ● berries · ✦ relic · ◌ wall gap
Your base· Open — unwalled flank
Saturno 1343's base· Open — 3t gap
OsmanAbi's base· Open — 11t gap
Ux'Olkan's base· Open — 6t gap
GGINDU's base· Open — 5t gap
Sem's base· Open — unwalled flank
Smoothed initial terrain · ◌ = detected wall gap · hover for details
Inputs per minute
— albanplumed - - Saturno 1343
Build order — albanplumed
First 150 of 732 actions detected
| 0:14 | Build | House |
| 0:23 | Build | Town Center |
| 1:35 | Build | Dock |
| 2:38 | Queue | Villager (Male) |
| 2:39 | Queue | Villager (Male) |
| 2:39 | Queue | Villager (Male) |
| 2:39 | Queue | Villager (Male) |
| 2:45 | Build | Palisade Wall |
| 2:46 | Build | Palisade Wall |
| 4:01 | Queue | Fishing Ship |
| 4:02 | Queue | Fishing Ship |
| 4:24 | Queue | Villager (Male) |
| 4:24 | Queue | Villager (Male) |
| 4:24 | Queue | Villager (Male) |
| 4:36 | Build | House |
| 4:45 | Research | Loom |
| 5:09 | Queue | Villager (Male) |
| 5:09 | Queue | Villager (Male) |
| 5:09 | Queue | Villager (Male) |
| 5:28 | Queue | Fishing Ship |
| 5:29 | Queue | Fishing Ship |
| 5:29 | Queue | Fishing Ship |
| 5:43 | Queue | Villager (Male) |
| 5:43 | Queue | Villager (Male) |
| 5:44 | Queue | Villager (Male) |
| 6:12 | Queue | Fishing Ship |
| 6:13 | Queue | Fishing Ship |
| 6:14 | Queue | Villager (Male) |
| 6:15 | Queue | Villager (Male) |
| 6:24 | Build | House |
| 6:36 | Queue | Villager (Male) |
| 6:36 | Queue | Villager (Male) |
| 7:04 | Queue | Villager (Male) |
| 7:04 | Queue | Villager (Male) |
| 7:05 | Queue | Villager (Male) |
| 7:13 | Queue | Fishing Ship |
| 7:13 | Queue | Fishing Ship |
| 7:30 | Queue | Villager (Male) |
| 7:40 | Build | House |
| 7:48 | Queue | Villager (Male) |
| 7:48 | Queue | Villager (Male) |
| 7:49 | Queue | Villager (Male) |
| 7:49 | Queue | Villager (Male) |
| 8:10 | Queue | Fishing Ship |
| 8:10 | Queue | Fishing Ship |
| 8:10 | Queue | Fishing Ship |
| 8:17 | Queue | Villager (Male) |
| 8:18 | Queue | Villager (Male) |
| 8:18 | Queue | Villager (Male) |
| 8:23 | Build | Palisade Wall |
| 8:27 | Queue | Villager (Male) |
| 8:31 | Queue | Villager (Male) |
| 8:32 | Queue | Villager (Male) |
| 8:32 | Queue | Villager (Male) |
| 8:56 | Queue | Fishing Ship |
| 8:56 | Queue | Fishing Ship |
| 8:56 | Queue | Fishing Ship |
| 9:06 | Build | House |
| 9:38 | Build | Palisade Wall |
| 10:21 | Queue | Fishing Ship |
| 10:39 | Build | Mining Camp |
| 11:08 | Build | Palisade Wall |
| 11:11 | Build | Palisade Wall |
| 11:16 | Build | Palisade Wall |
| 11:23 | Build | Palisade Wall |
| 11:35 | Research | Feudal Age |
| 11:35 | Research | Feudal Age |
| 11:40 | Build | Palisade Wall |
| 11:40 | Build | Palisade Wall |
| 11:41 | Build | Palisade Wall |
| 11:42 | Build | Palisade Wall |
| 11:43 | Build | Palisade Wall |
| 11:43 | Build | Palisade Wall |
| 11:44 | Build | Palisade Wall |
| 11:45 | Build | Palisade Wall |
| 11:53 | Build | Mill |
| 12:24 | Build | Lumber Camp |
| 13:08 | Build | Outpost |
| 13:34 | Build | House |
| 13:38 | Queue | Villager (Male) |
| 13:39 | Queue | Villager (Male) |
| 13:44 | Build | House |
| 13:45 | Age | Feudal Age |
| 13:49 | Queue | Villager (Male) |
| 13:57 | Build | Market |
| 14:40 | Build | Blacksmith |
| 14:50 | Queue | Villager (Male) |
| 15:33 | Build | Palisade Wall |
| 15:36 | Build | Palisade Wall |
| 15:37 | Build | Palisade Wall |
| 15:56 | Research | Castle Age |
| 16:07 | Build | Barracks |
| 16:32 | Build | Dock |
| 17:33 | Build | Stable |
| 17:49 | Research | Double-Bit Axe |
| 17:49 | Research | Double-Bit Axe |
| 18:14 | Queue | Villager (Male) |
| 18:14 | Queue | Villager (Male) |
| 18:31 | Build | Stable |
| 18:34 | Research | Bloodlines |
| 18:35 | Age | Castle Age |
| 19:00 | Queue | Knight |
| 19:05 | Build | Watch Tower |
| 19:10 | Queue | Villager (Male) |
| 19:10 | Queue | Villager (Male) |
| 19:20 | Research | Fletching |
| 19:47 | Queue | Villager (Male) |
| 20:11 | Queue | Villager (Male) |
| 20:21 | Queue | Villager (Male) |
| 20:25 | Build | House |
| 20:25 | Build | House |
| 20:26 | Queue | Knight |
| 20:27 | Queue | Knight |
| 20:47 | Build | House |
| 21:32 | Build | Town Center |
| 21:39 | Research | Bloodlines |
| 21:40 | Research | Husbandry |
| 21:44 | Build | House |
| 21:46 | Research | Scale Barding Armor |
| 21:47 | Queue | Villager (Male) |
| 21:52 | Research | Bow Saw |
| 21:53 | Research | Bow Saw |
| 22:19 | Queue | Villager (Male) |
| 22:35 | Build | Archery Range |
| 22:39 | Queue | Villager (Male) |
| 22:39 | Queue | Villager (Male) |
| 22:50 | Queue | Villager (Male) |
| 22:52 | Queue | Villager (Male) |
| 22:52 | Queue | Villager (Male) |
| 22:52 | Queue | Villager (Male) |
| 22:55 | Build | Lumber Camp |
| 23:15 | Build | Archery Range |
| 23:40 | Queue | Genitour |
| 23:48 | Queue | Villager (Male) |
| 24:06 | Build | Town Center |
| 24:12 | Queue | Villager (Male) |
| 24:14 | Build | Farm |
| 24:14 | Build | Farm |
| 24:14 | Build | Farm |
| 24:15 | Build | Farm |
| 24:15 | Build | Farm |
| 24:19 | Build | Farm |
| 24:52 | Queue | Genitour |
| 24:53 | Queue | Genitour |
| 24:55 | Queue | Villager (Male) |
| 24:55 | Queue | Villager (Male) |
| 24:56 | Queue | Villager (Male) |
| 24:56 | Queue | Villager (Male) |
| 25:01 | Build | House |
| 25:01 | Build | House |
Build order — Saturno 1343
First 150 of 1042 actions detected
| 0:21 | Build | Dock |
| 1:05 | Build | Town Center |
| 1:15 | Build | House |
| 2:15 | Build | House |
| 3:01 | Queue | Villager (Male) |
| 3:01 | Queue | Villager (Male) |
| 3:01 | Queue | Villager (Male) |
| 3:02 | Queue | Villager (Male) |
| 4:03 | Queue | Villager (Male) |
| 4:03 | Queue | Villager (Male) |
| 4:19 | Queue | Fishing Ship |
| 4:19 | Queue | Fishing Ship |
| 5:00 | Queue | Fishing Ship |
| 5:01 | Queue | Fishing Ship |
| 5:40 | Queue | Villager (Male) |
| 5:40 | Queue | Villager (Male) |
| 5:43 | Queue | Fishing Ship |
| 5:43 | Queue | Fishing Ship |
| 5:44 | Queue | Fishing Ship |
| 6:04 | Queue | Villager (Male) |
| 6:05 | Queue | Villager (Male) |
| 6:05 | Queue | Villager (Male) |
| 6:23 | Queue | Fishing Ship |
| 6:23 | Queue | Fishing Ship |
| 6:26 | Queue | Villager (Male) |
| 6:27 | Queue | Villager (Male) |
| 6:49 | Queue | Villager (Male) |
| 7:06 | Queue | Fishing Ship |
| 7:07 | Queue | Fishing Ship |
| 7:12 | Queue | Villager (Male) |
| 7:12 | Queue | Villager (Male) |
| 7:23 | Queue | Villager (Male) |
| 7:24 | Queue | Villager (Male) |
| 7:36 | Queue | Villager (Male) |
| 7:42 | Queue | Fishing Ship |
| 7:43 | Queue | Fishing Ship |
| 8:14 | Research | Loom |
| 8:14 | Queue | Villager (Male) |
| 8:16 | Build | House |
| 8:19 | Build | House |
| 8:28 | Queue | Villager (Male) |
| 8:39 | Queue | Villager (Male) |
| 8:46 | Queue | Fishing Ship |
| 8:46 | Queue | Fishing Ship |
| 9:01 | Queue | Villager (Male) |
| 9:11 | Queue | Villager (Male) |
| 9:16 | Queue | Villager (Male) |
| 9:25 | Queue | Villager (Male) |
| 9:27 | Queue | Fishing Ship |
| 9:29 | Queue | Villager (Male) |
| 9:44 | Queue | Villager (Male) |
| 9:51 | Queue | Villager (Male) |
| 9:55 | Build | Mill |
| 9:55 | Queue | Villager (Male) |
| 9:57 | Queue | Villager (Male) |
| 10:02 | Queue | Villager (Male) |
| 10:12 | Queue | Villager (Male) |
| 10:18 | Build | House |
| 10:23 | Queue | Villager (Male) |
| 10:29 | Queue | Villager (Male) |
| 10:36 | Build | Mining Camp |
| 10:36 | Queue | Villager (Male) |
| 10:44 | Queue | Villager (Male) |
| 10:54 | Queue | Fishing Ship |
| 10:57 | Queue | Villager (Male) |
| 11:01 | Build | House |
| 11:26 | Research | Feudal Age |
| 11:27 | Research | Feudal Age |
| 11:45 | Queue | Villager (Male) |
| 12:26 | Build | Dock |
| 13:01 | Queue | Villager (Male) |
| 13:08 | Queue | Villager (Male) |
| 13:13 | Build | Palisade Wall |
| 13:17 | Build | Palisade Wall |
| 13:20 | Build | Palisade Wall |
| 13:22 | Build | Palisade Wall |
| 13:24 | Build | Palisade Wall |
| 13:58 | Build | Blacksmith |
| 14:02 | Build | Market |
| 14:10 | Queue | Villager (Male) |
| 14:17 | Queue | Villager (Male) |
| 14:27 | Build | Palisade Gate |
| 14:36 | Queue | Villager (Male) |
| 15:04 | Research | Castle Age |
| 15:04 | Research | Castle Age |
| 15:21 | Build | Palisade Wall |
| 15:36 | Build | Mining Camp |
| 15:45 | Queue | Galley |
| 15:45 | Queue | Galley |
| 15:46 | Research | Fletching |
| 15:54 | Queue | Villager (Male) |
| 16:13 | Build | Lumber Camp |
| 16:36 | Queue | Villager (Male) |
| 16:48 | Queue | Galley |
| 16:48 | Queue | Galley |
| 16:52 | Queue | Villager (Male) |
| 17:13 | Queue | Villager (Male) |
| 17:28 | Research | Double-Bit Axe |
| 17:34 | Queue | Galley |
| 17:41 | Queue | Villager (Male) |
| 17:50 | Research | Bodkin Arrow |
| 17:51 | Research | Bodkin Arrow |
| 17:54 | Research | War Galley (upgrade) |
| 18:02 | Queue | Galley |
| 18:02 | Queue | Galley |
| 18:03 | Queue | Villager (Male) |
| 18:04 | Queue | Villager (Male) |
| 18:11 | Queue | Villager (Male) |
| 18:27 | Build | Palisade Wall |
| 18:27 | Queue | Villager (Male) |
| 18:43 | Queue | Galley |
| 18:55 | Queue | Galley |
| 18:55 | Queue | Galley |
| 18:56 | Queue | Villager (Male) |
| 18:57 | Queue | Villager (Male) |
| 19:30 | Queue | Villager (Male) |
| 19:33 | Build | Lumber Camp |
| 19:34 | Queue | Villager (Male) |
| 19:52 | Queue | Galley |
| 19:52 | Queue | Galley |
| 19:57 | Build | House |
| 20:02 | Queue | Villager (Male) |
| 20:13 | Build | Palisade Wall |
| 20:13 | Queue | Villager (Male) |
| 20:14 | Build | Palisade Wall |
| 20:16 | Queue | Villager (Male) |
| 20:35 | Queue | Villager (Male) |
| 20:39 | Queue | Villager (Male) |
| 20:48 | Build | Lumber Camp |
| 20:53 | Queue | Villager (Male) |
| 21:16 | Build | Town Center |
| 21:21 | Queue | Villager (Male) |
| 21:32 | Queue | Galley |
| 21:32 | Queue | Galley |
| 21:32 | Queue | Fishing Ship |
| 21:43 | Queue | Villager (Male) |
| 21:48 | Queue | Villager (Male) |
| 22:07 | Queue | Galley |
| 22:07 | Queue | Galley |
| 22:31 | Research | Wheelbarrow |
| 22:46 | Queue | Villager (Male) |
| 22:46 | Queue | Villager (Male) |
| 22:50 | Queue | Villager (Male) |
| 22:50 | Queue | Villager (Male) |
| 22:51 | Queue | Villager (Male) |
| 22:59 | Queue | Galley |
| 22:59 | Queue | Galley |
| 23:00 | Queue | Villager (Male) |
| 23:17 | Build | Dock |
| 23:25 | Queue | Galley |
Build order — OsmanAbi
First 150 of 492 actions detected
| 0:08 | Build | House |
| 0:31 | Build | Town Center |
| 1:08 | Build | Dock |
| 2:42 | Queue | Fishing Ship |
| 2:42 | Queue | Fishing Ship |
| 2:44 | Queue | Villager (Male) |
| 2:44 | Queue | Villager (Male) |
| 2:45 | Queue | Villager (Male) |
| 2:45 | Queue | Villager (Male) |
| 2:45 | Queue | Villager (Male) |
| 2:46 | Queue | Villager (Male) |
| 4:05 | Queue | Fishing Ship |
| 4:09 | Queue | Villager (Male) |
| 4:14 | Build | House |
| 4:48 | Queue | Fishing Ship |
| 4:50 | Research | Loom |
| 4:57 | Queue | Villager (Male) |
| 5:00 | Research | Loom |
| 5:34 | Queue | Villager (Male) |
| 5:34 | Queue | Villager (Male) |
| 5:36 | Queue | Fishing Ship |
| 5:47 | Build | House |
| 6:20 | Queue | Villager (Male) |
| 6:20 | Queue | Villager (Male) |
| 6:24 | Queue | Villager (Male) |
| 6:25 | Queue | Villager (Male) |
| 6:37 | Queue | Villager (Male) |
| 6:41 | Queue | Fishing Ship |
| 6:41 | Queue | Fishing Ship |
| 6:49 | Queue | Villager (Male) |
| 6:55 | Build | House |
| 7:05 | Queue | Villager (Male) |
| 7:28 | Queue | Fishing Ship |
| 7:34 | Build | House |
| 7:56 | Queue | Villager (Male) |
| 7:56 | Queue | Villager (Male) |
| 8:11 | Queue | Fishing Ship |
| 8:12 | Queue | Fishing Ship |
| 8:49 | Queue | Villager (Male) |
| 8:49 | Queue | Villager (Male) |
| 8:53 | Queue | Fishing Ship |
| 9:17 | Build | Mill |
| 9:32 | Queue | Villager (Male) |
| 10:12 | Research | Feudal Age |
| 10:23 | Build | Mining Camp |
| 10:40 | Queue | Villager (Male) |
| 10:41 | Queue | Villager (Male) |
| 10:52 | Build | House |
| 11:27 | Build | Dock |
| 11:30 | Build | Palisade Wall |
| 11:32 | Build | Palisade Wall |
| 12:06 | Build | Palisade Wall |
| 12:16 | Age | Feudal Age |
| 12:17 | Queue | Unit 2626 |
| 12:17 | Queue | Unit 2626 |
| 12:40 | Queue | Unit 2626 |
| 12:40 | Queue | Unit 2626 |
| 12:42 | Queue | Villager (Male) |
| 12:42 | Queue | Villager (Male) |
| 12:43 | Queue | Villager (Male) |
| 12:43 | Queue | Villager (Male) |
| 12:43 | Queue | Villager (Male) |
| 12:43 | Queue | Villager (Male) |
| 12:47 | Build | Lumber Camp |
| 13:07 | Build | House |
| 13:12 | Build | House |
| 13:13 | Build | House |
| 13:18 | Research | Double-Bit Axe |
| 13:18 | Research | Double-Bit Axe |
| 13:40 | Queue | Unit 2626 |
| 13:40 | Queue | Unit 2626 |
| 13:54 | Queue | Unit 2626 |
| 13:54 | Queue | Unit 2626 |
| 14:20 | Queue | Unit 2626 |
| 14:20 | Queue | Unit 2626 |
| 14:28 | Build | House |
| 14:29 | Build | House |
| 14:31 | Queue | Villager (Male) |
| 14:32 | Queue | Villager (Male) |
| 14:32 | Queue | Villager (Male) |
| 14:32 | Queue | Villager (Male) |
| 14:32 | Queue | Villager (Male) |
| 14:33 | Queue | Villager (Male) |
| 14:33 | Queue | Villager (Male) |
| 14:46 | Build | House |
| 15:25 | Queue | Villager (Male) |
| 15:28 | Queue | Unit 2626 |
| 15:29 | Queue | Unit 2626 |
| 15:34 | Research | Tech 906 |
| 16:37 | Queue | Unit 2626 |
| 16:38 | Queue | Unit 2626 |
| 16:38 | Queue | Unit 2626 |
| 17:07 | Build | Dock |
| 17:24 | Queue | Villager (Male) |
| 17:25 | Queue | Villager (Male) |
| 17:38 | Build | Blacksmith |
| 17:44 | Build | Market |
| 19:03 | Research | Forging |
| 19:11 | Queue | Villager (Male) |
| 19:34 | Queue | Villager (Male) |
| 20:29 | Queue | Unit 2626 ×5 |
| 20:31 | Research | Castle Age |
| 20:58 | Queue | Unit 2626 |
| 20:58 | Queue | Unit 2626 |
| 21:00 | Queue | Villager (Male) |
| 21:01 | Queue | Villager (Male) |
| 21:43 | Build | Lumber Camp |
| 21:45 | Build | Lumber Camp |
| 21:55 | Queue | Unit 2626 |
| 21:55 | Queue | Unit 2626 |
| 21:56 | Queue | Unit 2626 |
| 22:12 | Queue | Fire Galley ×5 |
| 22:43 | Queue | Unit 2626 ×3 |
| 22:53 | Build | House |
| 22:54 | Build | House |
| 22:55 | Build | House |
| 22:55 | Build | House |
| 22:56 | Age | Castle Age |
| 23:02 | Research | War Galley (upgrade) |
| 23:08 | Research | Iron Casting |
| 23:12 | Queue | Villager (Male) |
| 23:19 | Build | Town Center |
| 23:22 | Build | House |
| 23:31 | Build | Town Center |
| 24:03 | Build | Dock |
| 24:17 | Queue | Fire Galley ×3 |
| 24:54 | Queue | Fire Galley ×3 |
| 24:55 | Queue | Villager (Male) |
| 25:03 | Queue | Villager (Male) ×5 |
| 25:05 | Queue | Villager (Male) ×5 |
| 25:06 | Queue | Villager (Male) ×5 |
| 25:42 | Build | Town Center |
| 25:57 | Research | Gillnets |
| 25:59 | Queue | Villager (Male) ×5 |
| 26:21 | Research | Bow Saw |
| 26:21 | Research | Bow Saw |
| 26:30 | Build | House |
| 26:32 | Build | House |
| 26:36 | Build | House |
| 26:37 | Build | House |
| 26:38 | Build | House |
| 26:39 | Build | House |
| 26:46 | Queue | Villager (Male) ×3 |
| 27:19 | Queue | Fire Galley ×5 |
| 28:09 | Queue | Villager (Male) ×5 |
| 28:31 | Research | Town Watch |
| 28:51 | Build | Town Center |
| 28:58 | Build | Town Center |
| 29:10 | Build | Mining Camp |
| 29:20 | Build | Outpost |
Build order — Ux'Olkan
First 150 of 899 actions detected
| 0:26 | Build | Town Center |
| 2:15 | Build | House |
| 2:20 | Build | Dock |
| 2:51 | Queue | Villager (Male) |
| 2:51 | Queue | Villager (Male) |
| 2:51 | Queue | Villager (Male) |
| 2:51 | Queue | Villager (Male) |
| 2:52 | Queue | Villager (Male) |
| 2:52 | Queue | Villager (Male) |
| 4:00 | Queue | Fishing Ship |
| 4:01 | Queue | Fishing Ship |
| 4:01 | Queue | Fishing Ship |
| 4:01 | Queue | Fishing Ship |
| 4:28 | Research | Loom |
| 5:02 | Queue | Fishing Ship |
| 5:02 | Queue | Fishing Ship |
| 5:03 | Queue | Villager (Male) |
| 5:03 | Queue | Villager (Male) |
| 5:03 | Queue | Villager (Male) |
| 5:26 | Queue | Villager (Male) |
| 5:26 | Queue | Villager (Male) |
| 5:27 | Queue | Villager (Male) |
| 5:48 | Queue | Villager (Male) |
| 5:48 | Queue | Villager (Male) |
| 5:49 | Queue | Villager (Male) |
| 5:49 | Queue | Villager (Male) |
| 6:03 | Build | House |
| 6:10 | Queue | Villager (Male) |
| 6:10 | Queue | Villager (Male) |
| 6:10 | Queue | Villager (Male) |
| 6:26 | Queue | Villager (Male) |
| 6:27 | Queue | Villager (Male) |
| 6:27 | Queue | Villager (Male) |
| 6:27 | Queue | Villager (Male) |
| 6:33 | Queue | Fishing Ship |
| 6:33 | Queue | Fishing Ship |
| 6:33 | Queue | Fishing Ship |
| 6:59 | Queue | Villager (Male) |
| 6:59 | Queue | Villager (Male) |
| 7:00 | Queue | Villager (Male) |
| 7:13 | Queue | Fishing Ship |
| 7:23 | Queue | Villager (Male) |
| 7:23 | Queue | Villager (Male) |
| 7:23 | Queue | Villager (Male) |
| 7:23 | Queue | Villager (Male) |
| 7:23 | Queue | Villager (Male) |
| 7:52 | Queue | Fishing Ship |
| 7:59 | Queue | Villager (Male) |
| 7:59 | Queue | Villager (Male) |
| 7:59 | Queue | Villager (Male) |
| 7:59 | Queue | Villager (Male) |
| 8:27 | Build | House |
| 8:30 | Queue | Villager (Male) |
| 8:31 | Queue | Villager (Male) |
| 8:31 | Queue | Villager (Male) |
| 9:02 | Build | Mill |
| 9:12 | Queue | Villager (Male) |
| 9:35 | Build | House |
| 10:11 | Build | Mining Camp |
| 10:13 | Queue | Villager (Male) |
| 10:13 | Queue | Villager (Male) |
| 10:45 | Queue | Villager (Male) |
| 11:11 | Build | Dock |
| 11:17 | Research | Feudal Age |
| 11:17 | Research | Feudal Age |
| 11:17 | Research | Feudal Age |
| 11:53 | Queue | Fishing Ship |
| 12:11 | Queue | Villager (Male) |
| 12:29 | Queue | Villager (Male) |
| 13:27 | Age | Feudal Age |
| 13:29 | Build | Market |
| 13:31 | Build | Blacksmith |
| 14:18 | Queue | Villager (Male) |
| 14:27 | Queue | Trade Cart |
| 14:52 | Queue | Villager (Male) |
| 16:03 | Research | Castle Age |
| 16:04 | Research | Castle Age |
| 16:04 | Research | Castle Age |
| 16:34 | Build | Dock |
| 16:58 | Queue | Villager (Male) |
| 17:01 | Queue | Villager (Male) |
| 17:38 | Queue | Villager (Male) |
| 17:51 | Queue | Villager (Male) |
| 18:34 | Queue | Villager (Male) |
| 18:43 | Age | Castle Age |
| 18:52 | Build | Castle |
| 18:57 | Build | Palisade Wall |
| 19:00 | Build | House |
| 19:02 | Build | Palisade Wall |
| 19:08 | Queue | Villager (Male) |
| 19:08 | Queue | Villager (Male) |
| 19:09 | Queue | Villager (Male) |
| 19:09 | Queue | Villager (Male) |
| 19:09 | Queue | Villager (Male) |
| 19:17 | Build | Mining Camp |
| 19:26 | Queue | Villager (Male) |
| 19:26 | Queue | Villager (Male) |
| 19:40 | Build | Mill |
| 20:14 | Queue | Conquistador |
| 20:14 | Queue | Conquistador |
| 20:15 | Queue | Conquistador |
| 20:30 | Queue | Conquistador |
| 20:30 | Queue | Conquistador |
| 20:31 | Queue | Conquistador |
| 20:33 | Queue | Villager (Male) |
| 20:33 | Queue | Villager (Male) |
| 20:33 | Queue | Villager (Male) |
| 20:50 | Build | Barracks |
| 21:53 | Queue | Conquistador |
| 21:53 | Queue | Conquistador |
| 21:53 | Queue | Conquistador |
| 21:56 | Build | Stable |
| 22:29 | Build | Mining Camp |
| 22:32 | Build | Farm |
| 22:32 | Build | Farm |
| 22:33 | Build | Farm |
| 22:33 | Build | Farm |
| 22:33 | Build | Farm |
| 22:33 | Build | Farm |
| 22:35 | Queue | Villager (Male) |
| 22:36 | Queue | Villager (Male) |
| 22:36 | Queue | Villager (Male) |
| 22:36 | Queue | Villager (Male) |
| 22:36 | Queue | Villager (Male) |
| 22:46 | Queue | Fishing Ship |
| 22:48 | Queue | Villager (Male) |
| 22:48 | Queue | Villager (Male) |
| 22:49 | Queue | Villager (Male) |
| 23:00 | Queue | Conquistador |
| 23:01 | Queue | Conquistador |
| 23:01 | Queue | Conquistador |
| 23:01 | Queue | Conquistador |
| 23:01 | Queue | Conquistador |
| 23:01 | Queue | Conquistador |
| 23:17 | Queue | Villager (Male) |
| 23:17 | Queue | Villager (Male) |
| 23:17 | Queue | Villager (Male) |
| 23:20 | Build | Farm |
| 23:20 | Build | Farm |
| 23:20 | Build | Farm |
| 23:20 | Build | Farm |
| 23:21 | Build | Farm |
| 23:39 | Queue | Conquistador |
| 23:39 | Queue | Conquistador |
| 23:39 | Queue | Conquistador |
| 23:39 | Queue | Conquistador |
| 23:50 | Queue | Conquistador |
| 23:50 | Queue | Conquistador |
| 23:50 | Queue | Conquistador |
| 23:51 | Queue | Conquistador |
Build order — GGINDU
First 150 of 189 actions detected
| 0:07 | Build | Town Center |
| 1:11 | Build | Dock |
| 2:29 | Build | House |
| 2:30 | Queue | Villager (Male) |
| 2:30 | Queue | Villager (Male) |
| 2:30 | Queue | Villager (Male) |
| 2:30 | Queue | Villager (Male) |
| 2:31 | Queue | Villager (Male) |
| 3:08 | Research | Loom |
| 3:27 | Queue | Villager (Male) |
| 3:27 | Queue | Villager (Male) |
| 3:27 | Queue | Villager (Male) |
| 3:34 | Queue | Fishing Ship |
| 3:35 | Queue | Fishing Ship |
| 3:44 | Queue | Villager (Male) |
| 3:45 | Queue | Villager (Male) |
| 4:55 | Build | House |
| 5:10 | Queue | Fishing Ship |
| 5:10 | Queue | Fishing Ship |
| 5:22 | Queue | Villager (Male) |
| 5:42 | Queue | Villager (Male) |
| 5:42 | Queue | Villager (Male) |
| 6:10 | Queue | Villager (Male) |
| 6:10 | Queue | Villager (Male) |
| 6:34 | Build | House |
| 6:41 | Queue | Villager (Male) |
| 6:41 | Queue | Villager (Male) |
| 6:45 | Queue | Villager (Male) |
| 6:46 | Queue | Villager (Male) |
| 6:46 | Queue | Villager (Male) |
| 6:46 | Queue | Villager (Male) |
| 7:10 | Queue | Villager (Male) |
| 7:10 | Queue | Villager (Male) |
| 7:12 | Queue | Fishing Ship |
| 7:12 | Queue | Fishing Ship |
| 7:24 | Queue | Villager (Male) |
| 7:24 | Queue | Villager (Male) |
| 7:27 | Build | House |
| 7:42 | Queue | Villager (Male) |
| 7:43 | Queue | Villager (Male) |
| 7:43 | Queue | Villager (Male) |
| 8:28 | Queue | Villager (Male) |
| 8:38 | Queue | Fishing Ship |
| 9:13 | Build | House |
| 9:49 | Build | House |
| 9:57 | Queue | Villager (Male) |
| 9:58 | Queue | Villager (Male) |
| 10:12 | Build | House |
| 10:41 | Queue | Villager (Male) |
| 10:49 | Build | Mining Camp |
| 11:24 | Research | Feudal Age |
| 11:49 | Build | Dock |
| 12:54 | Build | Lumber Camp |
| 13:34 | Age | Feudal Age |
| 13:43 | Build | Dock |
| 13:56 | Queue | Trade Cog ×3 |
| 13:57 | Queue | Trade Cog ×3 |
| 14:01 | Queue | Trade Cog |
| 14:01 | Queue | Trade Cog |
| 14:05 | Queue | Villager (Male) |
| 14:22 | Build | Outpost |
| 14:25 | Build | House |
| 14:29 | Queue | Villager (Male) |
| 14:45 | Queue | Villager (Male) |
| 14:49 | Research | Town Watch |
| 15:08 | Build | Outpost |
| 15:09 | Queue | Villager (Male) |
| 15:27 | Queue | Unit 2626 |
| 15:27 | Queue | Unit 2626 |
| 15:27 | Queue | Unit 2626 |
| 15:28 | Queue | Unit 2626 |
| 15:28 | Queue | Unit 2626 |
| 15:28 | Queue | Unit 2626 |
| 16:00 | Queue | Unit 2626 |
| 16:01 | Queue | Unit 2626 |
| 16:01 | Queue | Unit 2626 |
| 16:01 | Queue | Unit 2626 |
| 16:01 | Queue | Unit 2626 |
| 16:07 | Queue | Villager (Male) |
| 16:07 | Queue | Villager (Male) |
| 16:07 | Queue | Villager (Male) |
| 16:07 | Queue | Villager (Male) |
| 16:30 | Build | Watch Tower |
| 16:39 | Build | Palisade Wall |
| 16:43 | Build | Palisade Wall |
| 16:44 | Build | Palisade Wall |
| 16:45 | Build | Palisade Wall |
| 16:54 | Build | Palisade Wall |
| 16:55 | Build | Palisade Wall |
| 17:24 | Queue | Fire Galley |
| 17:24 | Queue | Fire Galley |
| 17:25 | Queue | Fire Galley |
| 17:25 | Queue | Fire Galley |
| 17:25 | Queue | Fire Galley |
| 17:25 | Queue | Fire Galley |
| 17:30 | Build | House |
| 17:31 | Build | House |
| 17:31 | Build | House |
| 18:35 | Build | Blacksmith |
| 18:40 | Queue | Villager (Male) |
| 18:58 | Queue | Villager (Male) |
| 18:59 | Queue | Villager (Male) |
| 19:32 | Research | Fletching |
| 19:43 | Build | Mill |
| 20:17 | Queue | Villager (Male) |
| 20:18 | Queue | Villager (Male) |
| 20:28 | Build | Mining Camp |
| 20:37 | Queue | Unit 2626 |
| 20:37 | Queue | Unit 2626 |
| 20:37 | Queue | Unit 2626 |
| 20:38 | Queue | Unit 2626 |
| 20:38 | Queue | Unit 2626 |
| 20:56 | Queue | Villager (Male) |
| 20:57 | Queue | Villager (Male) |
| 21:02 | Queue | Villager (Male) |
| 21:02 | Queue | Villager (Male) |
| 21:17 | Queue | Unit 2626 |
| 21:17 | Queue | Unit 2626 |
| 21:18 | Queue | Unit 2626 |
| 21:20 | Queue | Villager (Male) |
| 21:20 | Queue | Villager (Male) |
| 21:46 | Queue | Villager (Male) |
| 22:09 | Build | House |
| 22:11 | Build | House |
| 22:48 | Queue | Galley |
| 22:49 | Queue | Galley |
| 22:49 | Queue | Galley |
| 22:49 | Queue | Galley |
| 22:49 | Queue | Galley |
| 22:50 | Queue | Galley |
| 23:26 | Build | Market |
| 23:48 | Queue | Demolition Raft |
| 23:48 | Queue | Demolition Raft |
| 24:29 | Research | Castle Age |
| 24:29 | Research | Castle Age |
| 24:55 | Queue | Demolition Raft |
| 24:55 | Queue | Demolition Raft |
| 24:55 | Queue | Demolition Raft |
| 24:56 | Queue | Demolition Raft |
| 24:56 | Queue | Demolition Raft |
| 24:56 | Queue | Demolition Raft |
| 24:56 | Queue | Demolition Raft |
| 25:17 | Build | Lumber Camp |
| 27:09 | Age | Castle Age |
| 27:16 | Build | Castle |
| 28:08 | Build | Town Center |
| 28:23 | Build | Siege Workshop |
| 29:06 | Queue | Mangonel |
| 29:07 | Queue | Mangonel |
| 29:07 | Queue | Mangonel |
Build order — Sem
First 150 of 478 actions detected
| 0:27 | Build | Town Center |
| 0:51 | Build | House |
| 0:57 | Build | Dock |
| 2:37 | Queue | Villager (Male) |
| 2:38 | Queue | Villager (Male) |
| 2:38 | Queue | Villager (Male) |
| 2:38 | Queue | Villager (Male) |
| 2:39 | Queue | Villager (Male) |
| 3:40 | Queue | Villager (Male) |
| 3:40 | Queue | Villager (Male) |
| 3:49 | Queue | Fishing Ship |
| 3:50 | Queue | Fishing Ship |
| 3:50 | Queue | Fishing Ship |
| 4:20 | Build | House |
| 4:45 | Queue | Villager (Male) |
| 4:46 | Queue | Villager (Male) |
| 5:08 | Queue | Villager (Male) |
| 5:09 | Queue | Villager (Male) |
| 5:25 | Queue | Fishing Ship |
| 5:35 | Queue | Villager (Male) |
| 5:35 | Queue | Villager (Male) |
| 5:54 | Build | House |
| 5:58 | Queue | Villager (Male) |
| 5:58 | Queue | Villager (Male) |
| 6:31 | Queue | Villager (Male) |
| 6:31 | Queue | Villager (Male) |
| 6:33 | Queue | Fishing Ship |
| 6:34 | Queue | Fishing Ship |
| 6:44 | Research | Loom |
| 6:53 | Queue | Villager (Male) |
| 6:54 | Queue | Villager (Male) |
| 7:25 | Build | Mill |
| 7:29 | Build | House |
| 7:31 | Queue | Villager (Male) |
| 7:31 | Queue | Villager (Male) |
| 7:31 | Queue | Villager (Male) |
| 7:58 | Queue | Villager (Male) |
| 7:58 | Queue | Villager (Male) |
| 8:24 | Queue | Fishing Ship ×2 |
| 8:27 | Queue | Villager (Male) |
| 8:27 | Queue | Villager (Male) |
| 8:36 | Queue | Villager (Male) |
| 8:36 | Queue | Villager (Male) |
| 8:55 | Build | House |
| 9:02 | Queue | Villager (Male) |
| 9:03 | Queue | Villager (Male) |
| 9:03 | Queue | Villager (Male) |
| 9:06 | Build | House |
| 9:27 | Build | House |
| 9:41 | Queue | Villager (Male) |
| 9:41 | Queue | Villager (Male) |
| 9:41 | Queue | Villager (Male) |
| 9:42 | Queue | Villager (Male) |
| 10:25 | Queue | Fishing Ship ×2 |
| 10:46 | Queue | Villager (Male) |
| 10:46 | Queue | Villager (Male) |
| 10:47 | Queue | Villager (Male) |
| 10:47 | Queue | Villager (Male) |
| 10:47 | Queue | Villager (Male) |
| 11:05 | Research | Feudal Age |
| 12:11 | Build | Palisade Wall |
| 12:14 | Build | Palisade Wall |
| 12:25 | Build | House |
| 12:30 | Build | House |
| 12:47 | Build | House |
| 12:50 | Build | House |
| 12:58 | Queue | Villager (Male) |
| 13:16 | Age | Feudal Age |
| 13:19 | Queue | Villager (Male) |
| 13:26 | Build | Market |
| 13:27 | Queue | Villager (Male) |
| 13:40 | Queue | Villager (Male) |
| 13:46 | Queue | Villager (Male) |
| 14:19 | Build | Blacksmith |
| 14:22 | Queue | Villager (Male) |
| 14:28 | Build | House |
| 14:46 | Build | Mining Camp |
| 14:58 | Build | Watch Tower |
| 15:04 | Build | House |
| 15:13 | Build | House |
| 15:27 | Research | Castle Age |
| 15:54 | Build | Mining Camp |
| 16:05 | Build | House |
| 16:07 | Build | House |
| 16:25 | Build | House |
| 17:07 | Build | Mining Camp |
| 17:31 | Build | Outpost |
| 18:07 | Age | Castle Age |
| 18:16 | Build | Palisade Wall |
| 18:18 | Build | Palisade Wall |
| 18:36 | Build | Castle |
| 18:43 | Build | House |
| 18:48 | Build | Castle |
| 18:56 | Build | House |
| 19:00 | Queue | Villager (Male) |
| 19:32 | Queue | Conquistador |
| 19:32 | Queue | Conquistador |
| 19:44 | Build | Siege Workshop |
| 20:10 | Queue | Conquistador |
| 20:11 | Queue | Conquistador |
| 20:53 | Queue | Conquistador |
| 21:13 | Queue | Villager (Male) |
| 21:17 | Build | Lumber Camp |
| 21:18 | Queue | Villager (Male) |
| 21:24 | Queue | Conquistador |
| 21:36 | Queue | Villager (Male) |
| 21:43 | Queue | Conquistador |
| 22:08 | Queue | Battering Ram |
| 22:09 | Queue | Battering Ram |
| 22:50 | Build | Farm |
| 22:50 | Build | Farm |
| 22:50 | Build | Farm |
| 23:18 | Build | Farm |
| 23:55 | Build | House |
| 24:11 | Queue | Conquistador |
| 24:11 | Queue | Conquistador |
| 24:58 | Queue | Conquistador |
| 24:59 | Queue | Conquistador |
| 25:35 | Build | Outpost |
| 25:36 | Queue | Villager (Male) |
| 25:52 | Build | Farm |
| 26:09 | Queue | Villager (Male) |
| 26:27 | Queue | Mangonel |
| 26:35 | Build | Outpost |
| 26:57 | Queue | Villager (Male) |
| 26:57 | Queue | Villager (Male) |
| 27:27 | Build | Farm |
| 27:45 | Queue | Villager (Male) |
| 27:46 | Queue | Villager (Male) |
| 28:18 | Build | Castle |
| 28:29 | Queue | Battering Ram |
| 28:34 | Queue | Villager (Male) |
| 28:45 | Queue | Villager (Male) |
| 28:46 | Queue | Villager (Male) |
| 29:16 | Queue | Villager (Male) |
| 29:25 | Build | Mining Camp |
| 29:43 | Queue | Villager (Male) |
| 29:44 | Queue | Villager (Male) |
| 30:10 | Queue | Conquistador |
| 30:10 | Queue | Conquistador |
| 30:10 | Queue | Conquistador |
| 30:15 | Queue | Villager (Male) |
| 31:40 | Queue | Villager (Male) |
| 31:44 | Build | Farm |
| 31:47 | Queue | Villager (Male) |
| 31:47 | Queue | Villager (Male) |
| 31:53 | Queue | Mangonel |
| 31:55 | Queue | Conquistador |
| 31:57 | Queue | Conquistador ×2 |
| 31:57 | Queue | Conquistador ×2 |
Match timeline
| 0:21 | Saturno 1343 · first_building Dock |
| 0:57 | Sem · first_building Dock |
| 1:08 | OsmanAbi · first_building Dock |
| 1:11 | GGINDU · first_building Dock |
| 1:35 | albanplumed · first_building Dock |
| 2:20 | Ux'Olkan · first_building Dock |
| 2:45 | albanplumed · wall_segment Palisade Wall x1 |
| 2:46 | albanplumed · wall_segment Palisade Wall x1 |
| 8:23 | albanplumed · wall_segment Palisade Wall x7 |
| 9:38 | albanplumed · wall_segment Palisade Wall x6 |
| 11:08 | albanplumed · wall_segment Palisade Wall x1 |
| 11:11 | albanplumed · wall_segment Palisade Wall x1 |
| 11:16 | albanplumed · wall_segment Palisade Wall x1 |
| 11:23 | albanplumed · wall_segment Palisade Wall x1 |
| 11:30 | OsmanAbi · wall_segment Palisade Wall x1 |
| 11:32 | OsmanAbi · wall_segment Palisade Wall x1 |
| 11:40 | albanplumed · wall_segment Palisade Wall x1 |
| 11:40 | albanplumed · wall_segment Palisade Wall x1 |
| 11:41 | albanplumed · wall_segment Palisade Wall x1 |
| 11:42 | albanplumed · wall_segment Palisade Wall x1 |
| 11:43 | albanplumed · wall_segment Palisade Wall x1 |
| 11:43 | albanplumed · wall_segment Palisade Wall x1 |
| 11:44 | albanplumed · wall_segment Palisade Wall x1 |
| 11:45 | albanplumed · wall_segment Palisade Wall x1 |
| 12:06 | OsmanAbi · wall_segment Palisade Wall x1 |
| 12:11 | Sem · wall_segment Palisade Wall x3 |
| 12:14 | Sem · wall_segment Palisade Wall x4 |
| 12:16 | OsmanAbi · age_up feudal |
| 13:13 | Saturno 1343 · wall_segment Palisade Wall x1 |
| 13:16 | Sem · age_up feudal |
| 13:17 | Saturno 1343 · wall_segment Palisade Wall x1 |
| 13:20 | Saturno 1343 · wall_segment Palisade Wall x1 |
| 13:22 | Saturno 1343 · wall_segment Palisade Wall x1 |
| 13:24 | Saturno 1343 · wall_segment Palisade Wall x1 |
| 13:27 | Ux'Olkan · age_up feudal |
| 13:34 | GGINDU · age_up feudal |
| 13:45 | albanplumed · age_up feudal |
| 14:39 | Ux'Olkan · first_market_sell 100 stone |
| 15:15 | Ux'Olkan · first_market_buy 100 food |
| 15:21 | Saturno 1343 · wall_segment Palisade Wall x1 |
| 15:26 | Sem · first_market_sell 100 food |
| 15:33 | albanplumed · wall_segment Palisade Wall x1 |
| 15:36 | albanplumed · wall_segment Palisade Wall x5 |
| 15:37 | albanplumed · wall_segment Palisade Wall x4 |
| 15:53 | albanplumed · first_market_sell 100 wood |
| 15:54 | albanplumed · first_market_buy 100 food |
| 16:07 | albanplumed · first_building Barracks |
| 16:39 | GGINDU · wall_segment Palisade Wall x1 |
| 16:41 | Saturno 1343 · first_market_sell 100 food |
| 16:43 | Saturno 1343 · first_market_buy 100 wood |
| 16:43 | GGINDU · wall_segment Palisade Wall x1 |
| 16:44 | GGINDU · wall_segment Palisade Wall x1 |
| 16:45 | GGINDU · wall_segment Palisade Wall x1 |
| 16:54 | GGINDU · wall_segment Palisade Wall x1 |
| 16:55 | GGINDU · wall_segment Palisade Wall x1 |
| 17:33 | albanplumed · first_building Stable |
| 18:07 | Sem · age_up castle |
| 18:16 | Sem · wall_segment Palisade Wall x1 |
| 18:18 | Sem · wall_segment Palisade Wall x1 |
| 18:27 | Saturno 1343 · wall_segment Palisade Wall x1 |
| 18:35 | albanplumed · age_up castle |
| 18:36 | Sem · first_building Castle |
| 18:43 | Ux'Olkan · age_up castle |
| 18:52 | Ux'Olkan · first_building Castle |
| 18:57 | Ux'Olkan · wall_segment Palisade Wall x1 |
| 19:02 | Ux'Olkan · wall_segment Palisade Wall x1 |
| 19:06 | OsmanAbi · first_market_sell 500 wood |
| 19:07 | OsmanAbi · first_market_buy 100 food |
| 19:44 | Sem · first_building Siege Workshop |
| 20:13 | Saturno 1343 · wall_segment Palisade Wall x1 |
| 20:14 | Saturno 1343 · wall_segment Palisade Wall x1 |
| 20:50 | Ux'Olkan · first_building Barracks |
| 21:56 | Ux'Olkan · first_building Stable |
| 22:35 | albanplumed · first_building Archery Range |
| 22:56 | OsmanAbi · age_up castle |
| 27:09 | GGINDU · age_up castle |
| 27:16 | GGINDU · first_building Castle |
| 28:23 | GGINDU · first_building Siege Workshop |
| 29:19 | Sem · first_market_buy 100 wood |
| 30:49 | OsmanAbi · first_building Siege Workshop |
| 31:10 | Saturno 1343 · first_building Castle |
| 31:54 | OsmanAbi · first_building Castle |
| 33:07 | albanplumed · first_building Castle |
| 35:08 | albanplumed · first_building Siege Workshop |
| 39:08 | GGINDU · first_market_buy 100 stone |
| 39:28 | OsmanAbi · first_building Barracks |
| 40:31 | GGINDU · first_building Monastery |
| 41:10 | Saturno 1343 · first_building Barracks |
| 41:27 | Sem · wall_segment Stone Wall x18 |
| 44:27 | OsmanAbi · first_building Stable |
| 44:29 | GGINDU · tribute_sent a jugador 1 |
| 44:29 | GGINDU · tribute_sent a jugador 2 |
| 44:29 | GGINDU · tribute_sent a jugador 3 |
| 44:29 | GGINDU · tribute_sent a jugador 4 |
| 44:29 | GGINDU · tribute_sent a jugador 6 |
| 45:14 | albanplumed · age_up imperial |
| 46:43 | OsmanAbi · age_up imperial |
| 48:43 | Saturno 1343 · first_building Archery Range |
| 49:24 | Ux'Olkan · age_up imperial |
| 49:52 | Saturno 1343 · tribute_sent a jugador 2 |
| 49:52 | Saturno 1343 · tribute_sent a jugador 3 |
| 49:52 | Saturno 1343 · tribute_sent a jugador 4 |
| 49:52 | Saturno 1343 · tribute_sent a jugador 5 |
| 49:52 | Saturno 1343 · tribute_sent a jugador 6 |
| 51:57 | Sem · tribute_sent a jugador 1 |
| 51:57 | Sem · tribute_sent a jugador 2 |
| 51:57 | Sem · tribute_sent a jugador 3 |
| 51:57 | Sem · tribute_sent a jugador 4 |
| 51:57 | Sem · tribute_sent a jugador 5 |
| 54:59 | OsmanAbi · tribute_sent a jugador 1 |
| 54:59 | OsmanAbi · tribute_sent a jugador 3 |
| 54:59 | OsmanAbi · tribute_sent a jugador 4 |
| 54:59 | OsmanAbi · tribute_sent a jugador 5 |
| 54:59 | OsmanAbi · tribute_sent a jugador 6 |
| 55:36 | Saturno 1343 · tribute_sent a jugador 2 |
| 55:36 | Saturno 1343 · tribute_sent a jugador 3 |
| 55:36 | Saturno 1343 · tribute_sent a jugador 4 |
| 55:36 | Saturno 1343 · tribute_sent a jugador 5 |
| 55:36 | Saturno 1343 · tribute_sent a jugador 6 |
| 55:48 | Saturno 1343 · first_building Stable |
| 56:16 | Ux'Olkan · first_building Monastery |
| 57:45 | Ux'Olkan · wall_segment Palisade Wall x1 |
| 58:02 | Ux'Olkan · wall_segment Palisade Wall x1 |
| 58:16 | Ux'Olkan · wall_segment Palisade Wall x1 |
| 60:46 | OsmanAbi · tribute_sent a jugador 1 |
| 60:46 | OsmanAbi · tribute_sent a jugador 3 |
| 60:46 | OsmanAbi · tribute_sent a jugador 4 |
| 60:46 | OsmanAbi · tribute_sent a jugador 5 |
| 60:46 | OsmanAbi · tribute_sent a jugador 6 |
| 62:55 | albanplumed · tribute_sent a jugador 1 |
| 62:55 | albanplumed · tribute_sent a jugador 2 |
| 62:55 | albanplumed · tribute_sent a jugador 3 |
| 62:55 | albanplumed · tribute_sent a jugador 5 |
| 62:55 | albanplumed · tribute_sent a jugador 6 |
| 64:51 | Sem · first_building Barracks |
| 65:47 | Sem · first_building Stable |
| 66:20 | Saturno 1343 · tribute_sent a jugador 2 |
| 66:20 | Saturno 1343 · tribute_sent a jugador 3 |
| 66:20 | Saturno 1343 · tribute_sent a jugador 4 |
| 66:20 | Saturno 1343 · tribute_sent a jugador 5 |
| 66:20 | Saturno 1343 · tribute_sent a jugador 6 |
| 66:22 | Sem · age_up imperial |
| 67:45 | Sem · first_building Monastery |
| 67:57 | Ux'Olkan · wall_segment Palisade Wall x1 |
| 68:01 | Ux'Olkan · wall_segment Palisade Wall x1 |
| 68:41 | Sem · tribute_sent a jugador 1 |
| 68:41 | Sem · tribute_sent a jugador 2 |
| 68:41 | Sem · tribute_sent a jugador 3 |
| 68:41 | Sem · tribute_sent a jugador 4 |
| 68:41 | Sem · tribute_sent a jugador 5 |
| 68:44 | albanplumed · tribute_sent a jugador 1 |
| 68:44 | albanplumed · tribute_sent a jugador 2 |
| 68:44 | albanplumed · tribute_sent a jugador 3 |
| 68:44 | albanplumed · tribute_sent a jugador 5 |
| 68:44 | albanplumed · tribute_sent a jugador 6 |
| 75:49 | OsmanAbi · tribute_sent a jugador 1 |
| 75:49 | OsmanAbi · tribute_sent a jugador 3 |
| 75:49 | OsmanAbi · tribute_sent a jugador 4 |
| 75:49 | OsmanAbi · tribute_sent a jugador 5 |
| 75:49 | OsmanAbi · tribute_sent a jugador 6 |
| 75:57 | Saturno 1343 · resign |
[ AI ANALYSIS · 1 CREDIT ]
What really happened in this match?
Wolo.gg analyzes every decision: build order, eco, micro, common mistakes by bracket. Personalized analysis on WhatsApp or Discord in 30 seconds.
Civ guide
Berbers
Perfil
Jugador #854009